[Event "2nd Turkish League 2017"]
[Site "Konya"]
[Date "2017.07.20"]
[Round "5"]
[White "Cannesar, Rad"]
[Black "Ibik, Halit Yavuz"]
[Result "1/2-1/2"]
[ECO "B86"]
[WhiteElo "1979"]
[BlackElo "2004"]
[Annotator "NA"]
[PlyCount "65"]
[EventType "team-tourn"]
[EventCountry "TUR"]
[SourceTitle "playchess.com"]
[Source "ChessBase"]
[SourceQuality "1"]
[TimeControl "5400+30"]

1. e4 c5 2. Nf3 d6 3. d4 cxd4 4. Nxd4 Nf6 5. Nc3 a6 6. Bc4 e6 7. Bb3 Nbd7 8. O-O Nc5 9. Qe2 Be7 {[%emt 0:04:00] B86: Sicilian Scheveningen/Najdorf: 6 Bc4, without early ...b5} 10. Rd1 (10. Kh1 O-O 11. f4 Qc7 12. e5 Ne8 13. Bd2 b5 14. exd6 Nxd6 15. f5 Nxb3 16. axb3 Bf6 17. Be3 Bxd4 18. Bxd4 Nxf5 {0-1 (65) Tomczak,J (2587)-Swiercz,D (2664) Hucisko 2016}) 10... Qc7 11. a4 b6 12. Ba2 O-O 13. f3 Rd8 $146 ({Predecessor:} 13... Bb7 14. b4 Ncd7 15. Bb2 Rfe8 16. b5 a5 17. Re1 {0-1 (55) Giurgiu,N (2084)-Shelykalin,V (2100) LSS email 2012}) 14. Be3 Bb7 15. b4 Ncd7 16. Qe1 Rac8 17. Nde2 Ne5 18. Qf2 Nfd7 19. Rac1 Bf6 20. Bd4 Nc6 21. Bxf6 Nxf6 22. Rb1 Ne7 $15 23. Rdc1 d5 24. exd5 exd5 25. Nd1 Nf5 26. Ne3 Nxe3 27. Qxe3 Re8 28. Qd2 Rcd8 29. Nd4 Nd7 30. Re1 Ne5 31. Rbd1 Nc4 32. Qc3 g6 33. Bb3 1/2-1/2

[Event "2nd Turkish League 2017"]
[Site "Konya"]
[Date "2017.07.20"]
[Round "5"]
[White "Okay, Ilkin Ege"]
[Black "Ataman, Alper Efe"]
[Result "1/2-1/2"]
[ECO "C27"]
[WhiteElo "1973"]
[BlackElo "2175"]
[Annotator "NA"]
[PlyCount "59"]
[EventType "team-tourn"]
[EventCountry "TUR"]
[SourceTitle "playchess.com"]
[Source "ChessBase"]
[SourceQuality "1"]
[TimeControl "5400+30"]

1. e4 e5 2. Nc3 Nf6 3. Bc4 Bc5 4. d3 d6 5. Bg5 h6 6. Bh4 {[%emt 0:00:30] C27: Vienna Game: 2...Nf6 3 Bc4 Nxe4} c6 7. a4 (7. Nf3 Nbd7 8. Bb3 Bb6 9. d4 g5 10. Bg3 g4 11. dxe5 gxf3 12. exf6 fxg2 13. Bxf7+ Kxf7 14. Qh5+ Ke6 15. Qf5+ Kf7 16. Qh5+ Ke6 {½-½ (16) Caruana,F (2811)-Anand,V (2797) Zurich 2015}) 7... Nbd7 $146 ({Predecessor:} 7... a5 8. Nge2 Qb6 9. O-O g5 10. Bg3 Nbd7 11. Qd2 Nf8 12. Nd1 Ng6 13. c3 Qc7 {½-½ (70) Jasim,A (2280)-Husari,S (2397) Doha 2002}) 8. Nf3 Nf8 9. Qd2 Ng6 10. Bg3 Bg4 11. Ne2 O-O 12. h3 Bxf3 13. gxf3 d5 14. Bb3 Re8 15. O-O-O Qb6 16. exd5 Nxd5 17. Bxd5 cxd5 18. d4 exd4 19. Nxd4 Rac8 20. Nf5 Qa6 21. Qxd5 Qxa4 $17 22. Kb1 Re6 23. Rhe1 Ra6 24. c3 Bf8 25. Re4 Qa5 26. Qxa5 Rxa5 27. Nd6 Bxd6 28. Rxd6 Rf5 29. Rd7 Rb5 30. Kc2 1/2-1/2

[Event "2nd Turkish League 2017"]
[Site "Konya"]
[Date "2017.07.20"]
[Round "5"]
[White "Celik, Berkay"]
[Black "Kerem, Halil Ozgun"]
[Result "0-1"]
[ECO "B31"]
[WhiteElo "1963"]
[BlackElo "2074"]
[Annotator "NA"]
[PlyCount "121"]
[EventType "team-tourn"]
[EventCountry "TUR"]
[SourceTitle "playchess.com"]
[Source "ChessBase"]
[SourceQuality "1"]
[TimeControl "5400+30"]

1. e4 c5 2. Na3 {[%emt 0:00:00] B31: Sicilian: 2...Nc6 3 Bb5 g6} (2. Nf3 d6 3. d4 cxd4 4. Nxd4 Nf6 5. Nc3 Bd7 6. Be2 Nc6 7. Be3 e6 8. g4 h6 9. f4 Nxd4 10. Qxd4 e5 11. fxe5 Nxg4 12. O-O-O Nxe3 13. Qxe3 Qg5 14. Qxg5 hxg5 15. exd6 O-O-O {½-½ (32) So,W (2812)-Carlsen,M (2832) Leuven 2017}) 2... Nc6 3. Bb5 Qc7 4. c3 Nf6 5. Qe2 a6 6. Bxc6 Qxc6 7. d3 g6 $146 ({Predecessor:} 7... b5 8. Nf3 Bb7 9. O-O d6 {½-½ (80) Bernardi,R (2116)-Mrdja,M (2370) Verona 2008}) 8. f4 d6 9. Nf3 Bg4 10. Nc4 b5 11. Ne3 Bh5 12. O-O Bg7 13. h3 Bxf3 14. Rxf3 c4 15. dxc4 Nxe4 16. f5 bxc4 17. Qxc4 Qxc4 18. Nxc4 Rb8 19. Be3 d5 20. Bf4 Rb7 21. Ne3 e6 22. fxe6 fxe6 23. Nd1 e5 (23... O-O $17 24. Bc1 Rf5) 24. Be3 Ke7 25. Nf2 Nd6 26. Bg5+ Ke6 27. Nd3 Rc8 28. Re1 e4 29. Rf2 Nc4 30. Bc1 Kd6 31. Nf4 g5 32. Nh5 Be5 33. b3 Bxc3 34. Rd1 Nb6 35. Bxg5 Kc5 36. Nf6 Bd4 37. a3 Bxf2+ 38. Kxf2 Kd6 39. Nxe4+ Ke5 40. Nd2 Rf7+ 41. Nf3+ Kd6 42. Be3 Nd7 43. Bd4 Nf6 $17 (43... Rc2+ $142 44. Kg1 Re7) 44. Be5+ Kc6 45. Ke3 Nd7 46. Kd4 Re7 47. Rc1+ Kb7 48. Rxc8 Kxc8 49. Kxd5 Nxe5 50. Nxe5 Rc7 51. Nc4 Re7 52. Ne5 Kb7 53. b4 Rc7 54. Nc4 Rd7+ 55. Kc5 Rd3 56. a4 Rg3 57. b5 axb5 58. axb5 Rg5+ 59. Kd4 Rxg2 60. Nd6+ Kb6 61. Nf5 0-1

[Event "2nd Turkish League 2017"]
[Site "Konya"]
[Date "2017.07.20"]
[Round "5"]
[White "Kaplan, Bahadir"]
[Black "Caglar, Sadullah B."]
[Result "1-0"]
[ECO "D36"]
[WhiteElo "1952"]
[BlackElo "1835"]
[Annotator "NA"]
[PlyCount "95"]
[EventType "team-tourn"]
[EventCountry "TUR"]
[SourceTitle "playchess.com"]
[Source "ChessBase"]
[SourceQuality "1"]
[TimeControl "5400+30"]

1. d4 d5 2. c4 e6 3. Nc3 Nf6 4. cxd5 exd5 5. Bg5 Be7 6. e3 h6 7. Bh4 c6 8. Qc2 Be6 9. Bd3 {[%emt 0:02:00] D36: Queen's Gambit Declined: Exchange Variation: Main line (5 Bg5 c6 6 Qc2)} Nbd7 10. Nf3 Qb6 (10... Nb6 11. O-O O-O 12. Bxf6 Bxf6 13. b4 Rc8 14. a4 Nd7 15. Rfc1 a5 16. bxa5 Qxa5 17. Bf5 Rfe8 18. Bxe6 Rxe6 19. Rab1 b6 20. h3 {½-½ (20) Varga,Z (2461)-Nomin Erdene,D (2434) Kecskemet 2015}) 11. O-O g5 12. Bg3 Nh5 13. Rab1 $146 ({Predecessor:} 13. e4 Nxg3 14. hxg3 Nf6 15. Rfe1 g4 16. exd5 Nxd5 17. Nxd5 Bxd5 {1-0 (33) Spencer,D-Van de Perre,T Rosice u Brna 2003}) 13... Nxg3 14. hxg3 h5 15. Bf5 Rh6 16. b4 a6 17. a4 g4 18. Ne1 Qc7 19. Bxe6 fxe6 20. e4 O-O-O $11 21. e5 (21. b5 $11 {remains equal.}) 21... h4 22. Qe2 Rdh8 23. Qxg4 hxg3 24. fxg3 Nxe5 25. Qg7 Nd7 26. Nf3 Bf6 27. Qg4 e5 28. Nh4 exd4 29. Nxd5 Qd6 30. Nb6+ Kc7 31. Nf5 Rh1+ 32. Kf2 Rxf1+ 33. Rxf1 Qxb4 34. Nxd7 Kxd7 35. Nxd4+ Ke8 36. Re1+ Kf7 37. Qd7+ Kg6 38. Qf5+ Kf7 39. Qd7+ Kg6 40. Qf5+ Kf7 41. Qd7+ Kg6 42. Ne6 Qb2+ 43. Kg1 Qb6+ 44. Kf1 Rh1+ 45. Ke2 Qb2+ 46. Kf3 Rxe1 47. Nf8+ Kg5 48. Qg4+ 1-0

[Event "2nd Turkish League 2017"]
[Site "Konya"]
[Date "2017.07.20"]
[Round "5"]
[White "Ozgur, Isa"]
[Black "Yamac, Yuksel Yalcin"]
[Result "1-0"]
[ECO "A62"]
[WhiteElo "1904"]
[BlackElo "1845"]
[Annotator "NA"]
[PlyCount "69"]
[EventType "team-tourn"]
[EventCountry "TUR"]
[SourceTitle "playchess.com"]
[Source "ChessBase"]
[SourceQuality "1"]
[TimeControl "5400+30"]

1. d4 Nf6 2. c4 c5 3. d5 e6 4. Nc3 exd5 5. cxd5 d6 6. g3 g6 7. Bg2 Bg7 8. Nf3 a6 9. a4 O-O 10. O-O Re8 11. Nd2 Qe7 12. Nc4 Rd8 13. h3 Nfd7 14. e4 Ne5 15. Nb6 Ra7 16. f4 Ned7 17. Nc4 f6 18. a5 h6 19. Re1 g5 20. Bd2 Qf8 21. Na4 Re8 22. Bc3 Kh8 23. Re3 Kg8 24. Qe2 Kh8 25. Rf1 Qe7 26. Re1 gxf4 27. gxf4 Qf8 28. e5 fxe5 29. fxe5 Nxe5 30. Nxe5 Bxe5 31. Bxe5+ dxe5 32. Rxe5 Rd8 33. Re7 Nd7 34. Rf1 Nf6 35. Qe5 1-0

[Event "2nd Turkish League 2017"]
[Site "Konya"]
[Date "2017.07.20"]
[Round "5"]
[White "Altunbay, Onder"]
[Black "Acar, Utku Cengiz"]
[Result "0-1"]
[ECO "C09"]
[WhiteElo "1830"]
[BlackElo "1863"]
[Annotator "NA"]
[PlyCount "60"]
[EventType "team-tourn"]
[EventCountry "TUR"]
[SourceTitle "playchess.com"]
[Source "ChessBase"]
[SourceQuality "1"]
[TimeControl "5400+30"]

1. e4 c5 2. Nf3 e6 3. c3 d5 4. exd5 exd5 5. Bb5+ Nc6 6. O-O Bd6 7. d4 Nge7 8. dxc5 Bxc5 9. Nbd2 O-O 10. Nb3 Bb6 11. Bf4 Bg4 12. Be2 $11 {[%emt 0:08:30] LiveBook: 3 Games} Qd7 13. h3 Be6 14. Nbd4 Rad8 15. Qd2 Nxd4 16. Nxd4 Nc6 17. Be3 Bc7 18. Nxc6 bxc6 19. Bc5 Rfe8 20. Rae1 Bxh3 21. Bxa7 Re6 22. f4 Rg6 23. Bf3 Bxf4 24. Qxf4 Qxa7+ 25. Qe3 Qb8 26. Bxd5 cxd5 27. Qxh3 Rh6 28. Qe3 Qh2+ 29. Kf2 Rf6+ 30. Ke2 Re6 0-1

[Event "2nd Turkish League 2017"]
[Site "Konya"]
[Date "2017.07.20"]
[Round "5"]
[White "Guney, Gamze Nur"]
[Black "Sahin, Hatice"]
[Result "1-0"]
[ECO "D05"]
[WhiteElo "1776"]
[BlackElo "1560"]
[Annotator "NA"]
[PlyCount "61"]
[EventType "team-tourn"]
[EventCountry "TUR"]
[SourceTitle "playchess.com"]
[Source "ChessBase"]
[SourceQuality "1"]
[TimeControl "5400+30"]

1. d4 d5 2. Nf3 Nf6 3. e3 e6 4. Nbd2 c6 5. Bd3 Bd6 6. b3 Nbd7 7. Bb2 O-O 8. Ne5 Qc7 9. f4 b6 10. O-O Bb7 11. Rf3 c5 12. Rh3 h6 13. g4 Bxe5 14. dxe5 Ne4 15. Nf3 c4 16. Bxe4 dxe4 17. Nd4 cxb3 18. axb3 a6 19. Rc1 Rfe8 20. Ba3 Nc5 21. g5 Qd8 22. Qh5 Kf8 23. b4 Nd7 24. gxh6 g6 25. Qg4 b5 26. h7 Kg7 27. Bb2 Rh8 28. f5 Nxe5 29. Nxe6+ fxe6 30. Qxg6+ Kf8 31. Bxe5 1-0

[Event "2nd Turkish League 2017"]
[Site "Konya"]
[Date "2017.07.20"]
[Round "5"]
[White "Ilhan, Huseyin"]
[Black "Inci, Okan"]
[Result "1-0"]
[ECO "D11"]
[WhiteElo "1750"]
[BlackElo "1607"]
[Annotator "NA"]
[PlyCount "79"]
[EventType "team-tourn"]
[EventCountry "TUR"]
[SourceTitle "playchess.com"]
[Source "ChessBase"]
[SourceQuality "1"]
[TimeControl "5400+30"]

1. Nf3 d5 2. g3 Nf6 3. Bg2 c6 4. O-O Bg4 5. Ne5 Bh5 6. d4 e6 7. c4 Nbd7 8. h3 Nxe5 9. dxe5 Nd7 10. cxd5 cxd5 11. f4 Bc5+ 12. Kh2 Bg6 13. Nc3 O-O 14. e4 dxe4 15. Nxe4 Bxe4 16. Bxe4 Qc7 17. Qf3 Rab8 18. Bd2 b5 19. b4 Bb6 20. Rac1 Qd8 21. Qd3 Qe7 22. Bxh7+ Kh8 23. Be4 Rfd8 24. Qe2 g6 25. Bc3 Rdc8 26. g4 Kg8 27. Bd3 a6 28. f5 exf5 29. gxf5 Rxc3 30. Rxc3 Bd4 31. Rc2 Bxe5+ 32. Kh1 g5 33. Qh5 f6 34. h4 Bf4 35. Rxf4 gxf4 36. Rg2+ Qg7 37. Rxg7+ Kxg7 38. Qg6+ Kh8 39. Bc2 Rc8 40. Bb3 1-0

[Event "2nd Turkish League 2017"]
[Site "Konya"]
[Date "2017.07.20"]
[Round "5"]
[White "Celikel, Fatih"]
[Black "Kutlu, Sedat"]
[Result "1-0"]
[ECO "C42"]
[WhiteElo "1720"]
[BlackElo "1824"]
[Annotator "NA"]
[PlyCount "112"]
[EventType "team-tourn"]
[EventCountry "TUR"]
[SourceTitle "playchess.com"]
[Source "ChessBase"]
[SourceQuality "1"]
[TimeControl "5400+30"]

1. e4 e5 2. Nf3 Nf6 3. Nxe5 d6 4. Nf3 Nxe4 5. Nc3 Nf6 6. d4 d5 {[%emt 0:00:30] C42: Petroff Defence: 3 Nxe5 and unusual White 3rd moves} (6... Be7 7. Bd3 O-O 8. O-O Re8 9. h3 Nbd7 10. Ne2 d5 11. Ng3 Bf8 12. Re1 Rxe1+ 13. Qxe1 c5 14. c3 cxd4 15. cxd4 Nb6 {0-1 (52) Wei,Y (2709)-Bu,X (2715) Shenzhen 2016}) 7. Bf4 c6 8. Bd3 Be7 9. h3 Nbd7 10. O-O O-O 11. Re1 Re8 12. a3 Nf8 13. Ne5 $146 ({Predecessor:} 13. Ne2 Ne6 14. Bh2 {0-1 (71) Santarius,E (2319)-Ilincic,Z (2434) Kecskemet 2014}) 13... Ne6 14. Bh2 Nxd4 15. Bxh7+ Nxh7 16. Qxd4 Be6 17. Rad1 Qa5 18. Qd3 Rad8 19. Ne2 Qb6 20. Nf4 Bc5 21. Qg3 Nf6 22. Qh4 Ne4 23. Nfd3 g5 24. Qh6 Bxf2+ 25. Kh1 Bxe1 26. Ng6 fxg6 27. Qxg6+ Kf8 28. Qh6+ $19 Ke7 29. Qg7+ Bf7 30. Rxe1 Rg8 31. Qe5+ Be6 32. Bg1 c5 33. Rxe4 dxe4 34. Bxc5+ Rd6 35. Bxb6 Rxb6 36. Qxe4 g4 37. Nf4 g3 38. Nd5+ Kd6 39. Nxb6 axb6 40. Qf4+ Kc6 41. c4 Kd7 42. b4 Kc6 43. b5+ Kd7 44. Qd4+ Kc7 45. c5 bxc5 46. Qxc5+ Kd7 47. Qd4+ Ke7 48. a4 Bc8 49. Qc5+ Kf6 50. a5 Bf5 51. Qb6+ Kg5 52. Qe3+ Kf6 53. a6 bxa6 54. bxa6 Be6 55. Qd4+ Ke7 56. a7 Rd8 1-0

[Event "2nd Turkish League 2017"]
[Site "Konya"]
[Date "2017.07.20"]
[Round "5"]
[White "Yakar, Ozan Tuna"]
[Black "Ceylan, Sezer"]
[Result "1/2-1/2"]
[ECO "D48"]
[WhiteElo "1718"]
[BlackElo "1714"]
[Annotator "NA"]
[PlyCount "131"]
[EventType "team-tourn"]
[EventCountry "TUR"]
[SourceTitle "playchess.com"]
[Source "ChessBase"]
[SourceQuality "1"]
[TimeControl "5400+30"]

1. d4 d5 2. Nf3 Nf6 3. c4 c6 4. Nc3 e6 5. e3 Nbd7 6. Bd3 dxc4 7. Bxc4 b5 8. Bd3 a6 9. O-O Bb7 10. e4 c5 11. d5 e5 12. Qe2 c4 13. Bc2 Bc5 14. Be3 Bxe3 15. Qxe3 O-O 16. a3 Ng4 17. Qg5 Qxg5 18. Nxg5 Nc5 19. Rad1 Nf6 20. h3 h6 21. Nf3 Nfd7 22. Rfe1 Rab8 23. Nh4 g6 24. f4 Rfe8 25. Nf3 f6 26. fxe5 fxe5 27. Nd2 Rec8 28. Re3 Ba8 29. b4 cxb3 30. Nxb3 Na4 31. Nxa4 Rxc2 32. Nc3 Rc8 33. Ne2 Ra2 34. Rc1 Nb6 35. Rxc8+ Nxc8 36. Nbc1 Rc2 37. Rc3 Rxc3 38. Nxc3 Nd6 39. Nd3 Nc4 40. a4 bxa4 41. Nxa4 Kf7 42. Nac5 a5 43. Kf2 Ke7 44. Ke2 Kd6 45. g3 g5 46. g4 Nb6 47. Kd2 Nxd5 48. exd5 Bxd5 49. Na4 Bg2 50. Nf2 Kc6 51. Nd3 Bxh3 52. Nxe5+ Kd5 53. Nf7 Bxg4 54. Nxh6 Be6 55. Kd3 g4 56. Nxg4 Bxg4 57. Kc3 Kc6 58. Kb3 Be6+ 59. Ka3 Kb5 60. Nc3+ Kc4 61. Na4 Bf7 62. Nb6+ Kb5 63. Na4 Be8 64. Nc3+ Kc4 65. Na4 Bxa4 66. Kxa4 1/2-1/2

[Event "2nd Turkish League 2017"]
[Site "Konya"]
[Date "2017.07.20"]
[Round "5"]
[White "Catal, Uktenur"]
[Black "Ilkbahar, Nimet Seray"]
[Result "1/2-1/2"]
[ECO "D46"]
[WhiteElo "1613"]
[BlackElo "1618"]
[Annotator "NA"]
[PlyCount "79"]
[EventType "team-tourn"]
[EventCountry "TUR"]
[SourceTitle "playchess.com"]
[Source "ChessBase"]
[SourceQuality "1"]
[TimeControl "5400+30"]

1. d4 d5 2. c4 e6 3. Nc3 c6 4. e3 Nf6 5. Nf3 Nbd7 6. Bd3 Be7 7. O-O O-O 8. b3 b6 9. Bb2 Bb7 10. e4 dxe4 11. Nxe4 c5 12. Qe2 Qc7 13. Rad1 Rad8 14. Rfe1 Rfe8 15. a3 Qc8 16. dxc5 Bxe4 17. Bxe4 Nxe4 18. Qxe4 Nxc5 19. Qc2 Rxd1 20. Rxd1 Rd8 21. b4 Rxd1+ 22. Qxd1 Nb7 23. Qd3 Nd6 24. Nd2 h6 25. Be5 Qc6 26. Bxd6 Qxd6 27. Qxd6 Bxd6 28. Nb3 Kf8 29. h3 Ke7 30. Kf1 a5 31. Nd4 Kd7 32. Nc2 axb4 33. axb4 Be7 34. Ke2 Kd6 35. Kd3 Ke5 36. Nd4 Kd6 37. Nb5+ Kc6 38. Nd4+ Kd6 39. Nb5+ Kc6 40. Nd4+ 1/2-1/2

[Event "2nd Turkish League 2017"]
[Site "Konya"]
[Date "2017.07.20"]
[Round "5"]
[White "Turkkan, Ece"]
[Black "Simsek, Meltem"]
[Result "0-1"]
[ECO "E14"]
[WhiteElo "1532"]
[BlackElo "1752"]
[Annotator "NA RC"]
[PlyCount "160"]
[EventType "team-tourn"]
[EventCountry "TUR"]
[SourceTitle "playchess.com"]
[Source "ChessBase"]
[SourceQuality "1"]
[TimeControl "5400+30"]

1. d4 Nf6 2. Nf3 c5 3. e3 e6 4. Bd3 b6 5. O-O Bb7 6. Nbd2 Be7 7. b3 d6 8. Bb2 Nbd7 9. c4 O-O 10. Rc1 Rc8 11. Qc2 Qc7 12. Rfe1 Rfd8 13. h3 Qb8 14. Qb1 Qa8 15. Red1 h6 16. Re1 d5 17. Bf1 dxc4 18. bxc4 Ne4 19. Red1 cxd4 20. exd4 Ndf6 21. Ne5 Nxd2 22. Rxd2 Ne4 23. Rdc2 Bf6 24. f3 Ng3 25. Re1 Nxf1 26. Rxf1 Ba6 27. Rfc1 Bg5 28. Re1 Bf4 29. Nd3 Bg3 30. Rec1 Qb8 31. Nb4 Bb7 32. Re2 a5 33. Nd3 Ba6 34. Rec2 Rd7 35. a3 Bh4 36. Qa2 a4 37. Nb4 Bb7 38. c5 bxc5 39. dxc5 Bd5 40. Nxd5 Rxd5 41. Qa1 Qg3 42. Bd4 Qf4 43. Bf2 Bxf2+ 44. Kxf2 Rcxc5 45. Qb2 Rxc2+ 46. Rxc2 Qd4+ 47. Qxd4 Rxd4 48. Rc8+ Kh7 49. Ra8 Rc4 50. Ra7 Kg6 51. g4 Kf6 52. Kg3 Rd4 53. Ra5 Rc4 54. Kf2 g5 55. Kg3 Rf4 56. Rb5 Rc4 57. Ra5 Kg6 58. Ra6 h5 59. Ra7 h4+ 60. Kg2 Kf6 61. Ra5 Rd4 62. Kf2 Rc4 63. Kg2 Rf4 64. Kf2 Rc4 65. Kg2 Rc2+ 66. Kg1 Rc3 67. Rxa4 Rxf3 68. Kg2 Rg3+ 69. Kh2 Ke5 70. Ra5+ Kf4 71. a4 Ra3 72. Kg2 Ra2+ 73. Kg1 Kg3 74. Kf1 f6 75. Ra6 Kxh3 76. Rxe6 Rxa4 77. Rxf6 Kxg4 78. Kg2 Ra2+ 79. Kf1 h3 80. Rh6 Kg3 0-1

[Event "2nd Turkish League 2017"]
[Site "Konya"]
[Date "2017.07.20"]
[Round "5"]
[White "Bolu, Yagmur"]
[Black "Koc, Aylin"]
[Result "1/2-1/2"]
[ECO "D11"]
[WhiteElo "1464"]
[BlackElo "1550"]
[Annotator "NA"]
[PlyCount "133"]
[EventType "team-tourn"]
[EventCountry "TUR"]
[SourceTitle "playchess.com"]
[Source "ChessBase"]
[SourceQuality "1"]
[TimeControl "5400+30"]

1. d4 d5 2. c4 c6 3. Nf3 Nf6 4. Nbd2 Bf5 5. Nh4 Bg6 6. Qb3 Qc7 7. g3 e6 8. Bg2 Be7 9. Nxg6 hxg6 10. e4 dxe4 11. Nxe4 Ng4 12. h3 Nf6 13. Bf4 Qb6 14. O-O-O Nbd7 15. Nd6+ Bxd6 16. Bxd6 Qxb3 17. axb3 O-O-O 18. d5 exd5 19. cxd5 cxd5 20. Rd2 Nb8 21. Be7 Rd7 22. Bxf6 gxf6 23. Rxd5 Rhd8 24. Rhd1 Nc6 25. Rxd7 Rxd7 26. Bxc6 bxc6 27. Rd2 Kc7 28. Rxd7+ Kxd7 29. Kd2 Kd6 30. h4 Kd5 31. Kd3 Ke5 32. f3 Kd5 33. g4 Ke5 34. Kc4 Kf4 35. Kc5 f5 36. h5 fxg4 37. h6 g3 38. h7 g2 39. h8=Q g1=Q+ 40. Kxc6 Qb6+ 41. Kd7 Qe6+ 42. Kd8 Kxf3 43. Qh1+ Kf4 44. Qf1+ Ke5 45. Qe1+ Kd6 46. Qb4+ Kc6 47. Qc3+ Kd5 48. Qc4+ Ke5 49. Qc3+ Kf5 50. Qc5+ Kf6 51. Qxa7 Qd6+ 52. Kc8 Qe6+ 53. Qd7 Qxb3 54. Qd4+ Kg5 55. Qd2+ Kg4 56. Qg2+ Kf4 57. Qf2+ Ke4 58. Qe2+ Kd4 59. Qd2+ Kc5 60. Qg5+ Kc6 61. Qc1+ Kb5 62. Qg5+ Kb4 63. Qe7+ Ka5 64. Qa7+ Kb5 65. Qb7+ Ka4 66. Qa7+ Kb4 67. Qb7+ 1/2-1/2

[Event "2nd Turkish League 2017"]
[Site "Konya"]
[Date "2017.07.20"]
[Round "5"]
[White "Demir, Aleyna"]
[Black "Hafizoglu, Bengi"]
[Result "1/2-1/2"]
[ECO "D10"]
[WhiteElo "1439"]
[BlackElo "1415"]
[Annotator "NA"]
[PlyCount "112"]
[EventType "team-tourn"]
[EventCountry "TUR"]
[SourceTitle "playchess.com"]
[Source "ChessBase"]
[SourceQuality "1"]
[TimeControl "5400+30"]

1. d4 d5 2. c4 c6 3. Nc3 Nf6 4. e3 Bf5 5. Qb3 Qd7 6. Nf3 e6 7. Be2 Be7 8. O-O O-O 9. cxd5 exd5 10. Ne5 Qc7 11. Bd3 Bxd3 12. Nxd3 Nbd7 13. Re1 Bd6 14. g3 Rfe8 15. Bd2 Nb6 16. Qc2 Nc4 17. b3 Nxd2 18. Qxd2 Qe7 19. Re2 a5 20. Qc2 Ne4 21. Nxe4 Qxe4 22. Ne1 Qe6 23. Ng2 Qg4 24. Rae1 Bb4 25. Rf1 Qf3 26. Nh4 Qh5 27. Ng2 Bd6 28. Qd1 Re6 29. f4 Re4 30. Ref2 Qxd1 31. Rxd1 a4 32. bxa4 Rxa4 33. Rb1 Re7 34. Rfb2 b5 35. Rc1 Rc7 36. Rbc2 Ra6 37. Nh4 g6 38. Kf2 Ba3 39. Rb1 Rca7 40. Kf3 Be7 41. Ng2 b4 42. Rbb2 Rb6 43. Ne1 Ra3 44. Rc1 Rba6 45. Ra1 b3 46. Nd3 Rxa2 47. Rab1 Rxb2 48. Rxb2 Ra2 49. Rxb3 Rxh2 50. Rb8+ Kg7 51. Rc8 Rc2 52. Ne5 c5 53. Rc7 Bd6 54. Rxf7+ Kg8 55. Rd7 Bxe5 56. dxe5 Rd2 1/2-1/2

[Event "2nd Turkish League 2017"]
[Site "Konya"]
[Date "2017.07.20"]
[Round "6"]
[White "Morchiashvili, Bachana"]
[Black "Arman, Deniz"]
[Result "1-0"]
[ECO "D91"]
[WhiteElo "2395"]
[BlackElo "2273"]
[Annotator "ChessBase"]
[PlyCount "107"]
[EventType "team-tourn"]
[EventCountry "TUR"]
[SourceTitle "playchess.com"]
[Source "ChessBase"]
[SourceQuality "1"]
[TimeControl "5400+30"]

1. Nf3 Nf6 2. c4 g6 3. Nc3 d5 4. d4 Bg7 5. Bg5 Ne4 6. Bh4 Nxc3 7. bxc3 c5 8. e3 Nc6 9. cxd5 Qxd5 10. Be2 cxd4 11. cxd4 O-O 12. O-O e5 13. dxe5 Qxd1 14. Rfxd1 Nxe5 15. Nd4 Bd7 16. Rab1 b6 17. f4 Ng4 18. e4 Ne3 19. Rd3 Nc4 20. e5 Rac8 21. Rb4 Na5 22. Rd1 Nc6 23. Nxc6 Bxc6 24. Ba6 Rb8 25. Be7 Rfe8 26. Bd6 Bf8 27. Rc4 Bxd6 28. exd6 Bd7 29. Rc7 Red8 30. Rxa7 Be6 31. Bb5 Ra8 32. Rxa8 Rxa8 33. a4 Rd8 34. d7 Kf8 35. Rd6 Ke7 36. Rxb6 Ra8 37. Rb7 Kd8 38. Bc6 Ke7 39. Kf2 Kd6 40. Bb5 Bd5 41. Ra7 Rd8 42. g3 Be6 43. Ke3 Kc5 44. Rb7 f6 45. Rc7+ Kd6 46. Rc3 Ra8 47. Rc6+ Ke7 48. Kd4 Rb8 49. Kc5 Bh3 50. Rc7 Rd8 51. a5 Ra8 52. a6 Kd8 53. Kb6 Bg2 54. a7 1-0

[Event "2nd Turkish League 2017"]
[Site "Konya"]
[Date "2017.07.20"]
[Round "6"]
[White "Aytekin, Murat Eren"]
[Black "Ozcan, Ilker"]
[Result "1-0"]
[ECO "E16"]
[WhiteElo "2201"]
[BlackElo "1565"]
[Annotator "NA"]
[PlyCount "75"]
[EventType "team-tourn"]
[EventCountry "TUR"]
[SourceTitle "playchess.com"]
[Source "ChessBase"]
[SourceQuality "1"]
[TimeControl "5400+30"]

1. d4 Nf6 2. c4 e6 3. Nf3 b6 4. g3 Bb7 5. Bg2 Bb4+ 6. Bd2 Bxd2+ 7. Qxd2 O-O 8. O-O c5 9. Nc3 cxd4 10. Qxd4 Nc6 11. Qd6 Na5 12. b3 Qb8 13. Rfd1 Bc6 14. Qd4 d5 15. Ne5 Bb7 16. cxd5 exd5 17. Nxd5 Qd6 18. b4 Bxd5 19. bxa5 Rad8 20. e4 Rfe8 21. f4 Nd7 22. Nxd7 Qxd7 23. exd5 Qd6 24. axb6 axb6 25. Re1 Rxe1+ 26. Rxe1 h6 27. h3 b5 28. Kh2 b4 29. Rc1 Qa6 30. Qxb4 Qxa2 31. d6 Qe6 32. Rd1 g6 33. Rd2 Kg7 34. Qd4+ f6 35. Bc6 h5 36. Bb5 Kh6 37. d7 Qf5 38. Qb6 1-0

[Event "2nd Turkish League 2017"]
[Site "Konya"]
[Date "2017.07.20"]
[Round "6"]
[White "Ataman, Alper Efe"]
[Black "Ozturk, Emir"]
[Result "1-0"]
[ECO "E12"]
[WhiteElo "2175"]
[BlackElo "2202"]
[Annotator "NA"]
[PlyCount "136"]
[EventType "team-tourn"]
[EventCountry "TUR"]
[SourceTitle "playchess.com"]
[Source "ChessBase"]
[SourceQuality "1"]
[TimeControl "5400+30"]

1. d4 Nf6 2. c4 e6 3. Nf3 b6 4. a3 Bb7 5. Nc3 d5 6. cxd5 Nxd5 7. Qc2 Nxc3 8. bxc3 Be7 9. e4 O-O 10. Bd3 c5 11. O-O Qc7 12. Qe2 Nd7 {[%emt 0:02:30] LiveBook: 205 Games} 13. Bb2 Rfd8 14. Rad1 {[%emt 0:08:30] E12: Queen's Indian: Unusual White 4th moves, 4 a3, 4 Nc3 Bb7 5 a3 and 4 Nc3 Bb7} (14. Nd2 Ne5 15. Bb1 Nc6 16. Nf3 Bf6 17. Rd1 Rd7 18. Ba2 Na5 19. g3 Rad8 20. Rd2 Qc8 21. Rad1 Ba6 {1-0 (56) Wang,H (2735)-Leko,P (2730) Beijing 2013}) 14... Nf8 15. Rfe1 $146 ({Predecessor:} 15. Ne5 Bd6 16. f4 Ng6 17. g3 Nxe5 18. fxe5 Bf8 19. Rf4 Rd7 20. Rdf1 a6 21. h4 b5 {0-1 (66) Weetik,V (2449)-Aivazian,G (2223) Taganrog 2016}) 15... Ng6 16. g3 Bf6 17. h4 Nf8 18. Qe3 Rac8 19. h5 h6 20. Nh2 cxd4 21. cxd4 Qd7 22. Qe2 Qa4 23. Nf3 (23. Ng4 $5 Bg5 24. Ne3 $11) 23... Nh7 24. Rc1 Ng5 25. Nxg5 Bxg5 26. Rc2 Rxc2 27. Bxc2 Qa5 28. Rd1 Bf6 29. Bb3 Ba6 30. Qf3 Qb5 31. e5 {[%emt 0:03:24] [#]} (31. Rd2 $11) 31... Bg5 (31... Bb7 $1 $17 32. d5 (32. Qxb7 Qxb3) 32... Be7) 32. a4 (32. d5 $5 Bb7 33. Qd3 (33. a4 Qb4 $17) 33... Qxd3 34. Rxd3 Bxd5 35. Bxd5 Rxd5 36. Rxd5 exd5 37. f4 $17) 32... Qe2 33. Qxe2 Bxe2 34. Re1 Bxh5 35. f4 Be7 36. Rc1 Rd7 37. Rc8+ Kh7 38. Kf2 Bg4 39. d5 (39. Bc4 $11 {keeps the balance.}) 39... Bc5+ (39... exd5 $17 40. Bd4 Bf5) 40. Kg2 Bf5 41. d6 Be4+ 42. Kf1 Bd3+ 43. Ke1 g5 44. Kd2 Ba6 45. Bc2+ Kg7 46. Re8 gxf4 47. gxf4 $18 f6 48. exf6+ Kf7 49. Re7+ Rxe7 50. dxe7 Bxe7 51. fxe7 Kxe7 52. Be5 Bb7 53. Bd1 Bc6 54. Kc3 Be8 55. Kb3 h5 56. Bf3 h4 57. Bb8 a5 58. Bc7 b5 59. axb5 Bxb5 60. Bxa5 h3 61. Bb6 Kf6 62. Be4 h2 63. Bd4+ Ke7 64. Bf2 Bd3 65. Bh1 Kf6 66. Bg3 Kf5 67. Bxh2 Kg4 68. Kc3 Bf1 1-0